 Dungeon Crawl Stone Soup version 0.29.0-4-gdea44cf6ec (webtiles) character file.

Game seed: 16240890884756991485

9071 qw the Brawler (level 11, -5/105 HPs)
             Began as a Troll Cinder Acolyte on Aug 30, 2022.
             Was an Initiate of Okawaru.
             Slain by a killer bee (6 damage)
             ... on level 9 of the Dungeon.
             The game lasted 00:04:06 (8235 turns).

qw the Brawler (Troll Cinder Acolyte)               Turns: 8235, Time: 00:04:06

Health: -5/105     AC:  5    Str: 28    XL:     11   Next: 18%
Magic:  11/11      EV: 10    Int: 10    God:    Okawaru [......]
Gold:   453        SH:  0    Dex: 11    Spells: 12/12 levels left

rFire   . . .      SeeInvis .     - Unarmed
rCold   . . .      Faith    .   (no shield)
rNeg    . . .      Spirit   .   b - +1 robe {Will+}
rPois   .          Reflect  .   (helmet restricted)
rElec   .          Harm     .   (no cloak)
rCorr   .          Rampage  .   (gloves unavailable)
Will    ++...                   (boots unavailable)
Stlth   +.........              (no amulet)
HPRegen 1.07/turn               g - +6 ring of dexterity
MPRegen 0.12/turn               l - ring of willpower

@: lethally poisoned (-5 -> -18), about to teleport, fire susceptible
A: large, unfitting armour, claws 3, regeneration 1, shaggy fur 1, tough skin 1
a: Renounce Religion


You were on level 9 of the Dungeon.
You worshipped Okawaru.
Okawaru was noncommittal.
You visited 2 branches of the dungeon, and saw 11 of its levels.

You collected 453 gold pieces.


Innate Abilities, Weirdness & Mutations

You are too large for most types of armour.
You have claws for hands.
Your natural rate of healing is unusually fast.
You are covered in fur. (AC +1)
You have tough skin. (AC +1)


   Skills:
 - Level 6.0 Fighting
 + Level 4.8 Throwing
 - Level 3.0 Dodging
 - Level 15.5 Unarmed Combat
 - Level 1.0 Spellcasting
 - Level 2.1 Fire Magic


You had 12 spell levels left.
You didn't know any spells.
Your spell library contained the following spells:

 Spells                   Type           Power      Damage    Failure   Level
 Scorch                   Fire           8%         2d5       22%         2

Inventory:

Missiles
 f - a javelin
 p - a large rock (quivered)
Armour
 b - a +1 robe of willpower (worn)
Jewellery
 c - a ring of positive energy
 g - a +6 ring of dexterity (left claw)
 l - a ring of willpower (right claw)
Scrolls
 e - a scroll of teleportation
 h - a scroll of identify
 n - 2 scrolls of enchant armour
Potions
 d - a potion of resistance
 i - 5 potions of curing
 j - a potion of might
 o - a potion of mutation {unknown}

Dungeon Overview and Level Annotations

Branches:
Dungeon (10/15)            Temple (1/1) D:6
   Lair: D:8-11         Orc: D:9-12

Altars:
Ashenzari
Cheibriados
Dithmenos
Elyvilon
Fedhas
Gozag
Hepliaklqana
Kikubaaqudgha
Makhleb
Okawaru
Qazlal
Ru
Sif Muna
Trog
Vehumet
Xom
Yredelemnul
Zin

Shops:
D:4 *   D:9 (

Annotations:
D:2 1 runed translucent door, Crazy Yiuf


Message History

You feel sick.
The killer bee stings you. x2; The killer bee barely misses you. x2
8230 ||| READING 3 scrolls of teleportation.
As you read the scroll of teleportation, it crumbles to dust.
You feel strangely unstable.
You feel sick. The killer bee closely misses you. The killer bee stings you.
The killer bee stings you!
You are more poisoned.
The killer bee poisons you! The killer bee stings you.
You are lethally poisoned!
The killer bee poisons you!
8231 ||| DRINKING potion of heal wounds.
You feel much better.
You feel very sick. The killer bee stings you.
You are more poisoned.
The killer bee poisons you! The killer bee closely misses you. x2
The killer bee stings you.
You barely miss the killer bee.
You feel very sick. The killer bee closely misses you. x2
You barely miss the killer bee.
Your surroundings seem slightly different.
You feel very sick.
Throw: 2 large rocks
Press: ? - help, Q - select action, (/) - cycle Shift-Dir - straight line, f - killer bee You throw a large rock.
The large rock barely misses the killer bee.
You feel extremely sick. The killer bee stings you.
You are lethally poisoned!
The killer bee poisons you!
The killer bee stings you but does no damage.
8235 ||| READING 2 scrolls of teleportation.
As you read the scroll of teleportation, it crumbles to dust.
You feel strangely unstable.
You feel very sick. The killer bee stings you. x2
You are more poisoned.
The killer bee poisons you! The killer bee stings you.
You die...

#.### ###' #.# #. #.# ## #.#
###### ##'######### #..... ######
#....(ยค....# #..... ##....#
#....%%....# #.[...
##.P.8.#######..y.......###.....
##...8..##....'.@y.......'.'!....
#....8.....####..........###.....
#.########## #..........# #.....
..# #..........# #..... .##
#..........# #..... ##
#.....<....# #..... #
############ #..... ######


You could see 2 killer bees.

Vanquished Creatures
  4 unseen horror zombies (D:9)
  2 trolls (D:9)
  A wyvern (D:7)
  2 steam dragons
  3 water moccasins
  3 orc warriors
  4 black bears
  2 ogres (D:7)
  2 sky beasts (D:7)
  A phantom (D:5)
  3 kobold brigands
  5 bullfrogs
  A necrophage (D:7)
  2 gnoll sergeants
  A scorpion (D:5)
  11 wights
  2 killer bees
  4 howler monkeys
  3 electric eels (D:10)
  A centaur zombie (D:9)
  2 jellies (D:6)
  8 hounds
  A gnoll bouda (D:3)
  An orc priest (D:7)
  An iguana (D:7)
  3 orc wizards
  25 gnolls
  6 adders
  A shadow imp (D:7)
  An ufetubus (D:5)
  A dart slug (D:5)
  16 orcs
  9 ball pythons
  10 endoplasms
  4 giant cockroaches
  6 goblins
  6 hobgoblins
  23 kobolds
  10 quokkas
  5 bats
  2 frilled lizards (D:2)
  2 rats
200 creatures vanquished.

Notes
Turn   | Place    | Note
-------+----------+-------------------------------------------
     0 | D:1      | qw the Troll Cinder Acolyte began the quest for the Orb.
     0 | D:1      | Reached XP level 1. HP: 22/22 MP: 1/1
     0 | D:1      | 0 ||| qw: Version: 0.1-a-95-gae9e614
     0 | D:1      | 0 ||| qw: Game counter: 4401
     0 | D:1      | 0 ||| qw: Always use a shield: true
     0 | D:1      | 0 ||| qw: God list: Okawaru
     0 | D:1      | 0 ||| qw: Allow faded altars: false
     0 | D:1      | 0 ||| qw: Do Orc after D:15 true
     0 | D:1      | 0 ||| qw: Do second Lair branch before Depths: true
     0 | D:1      | 0 ||| qw: Lair rune preference: random
     0 | D:1      | 0 ||| qw: Plans: Normal
     0 | D:1      | 0 ||| PLANNING D:1-11
    39 | D:1      | Found a faded altar of an unknown god.
   153 | D:1      | Reached XP level 2. HP: 29/29 MP: 2/2
   255 | D:1      | 255 ||| Stepping ~*~*~tactically~*~*~ (stealth).
   270 | D:1      | 270 ||| Stepping ~*~*~tactically~*~*~ (stealth).
   339 | D:1      | Reached skill level 4 in Unarmed Combat
   741 | D:1      | Reached XP level 3. HP: 36/36 MP: 3/3
   825 | D:1      | 825 ||| READING scroll labelled PUGUIFEQ GONT.
   926 | D:1      | 926 ||| READING scroll labelled YNIJER YROCH.
   927 | D:1      | 927 ||| READING scroll labelled GUCUKAPYEC.
   928 | D:1      | 928 ||| READING scroll labelled MAYKAU YHAQOLU.
   929 | D:1      | 929 ||| READING scroll labelled TIEMUTURCHO.
   930 | D:1      | 930 ||| READING scroll labelled QOPPYEPTOSCH.
   931 | D:1      | 931 ||| READING scroll labelled ENASHR BUDOHEUV.
   932 | D:1      | 932 ||| DRINKING 2 grey potions.
   933 | D:1      | 933 ||| DROPPING potion of flight.
   934 | D:1      | 934 ||| Stepping randomly (stuck).
   935 | D:1      | 935 ||| Stepping ~*~*~tactically~*~*~ (cloud).
  1025 | D:2      | 1025 ||| Stepping ~*~*~tactically~*~*~ (hiding).
  1031 | D:2      | 1031 ||| INVOKING Fiery Armour.
  1043 | D:2      | Reached skill level 5 in Unarmed Combat
  1043 | D:2      | Reached XP level 4. HP: 19/44 MP: 4/4
  1051 | D:2      | 1051 ||| Stepping ~*~*~tactically~*~*~ (stealth).
  1055 | D:2      | 1055 ||| FLEEEEING.
  1056 | D:2      | 1056 ||| FLEEEEING.
  1087 | D:2      | 1087 ||| Stepping ~*~*~tactically~*~*~ (outnumbered).
  1253 | D:2      | 1253 ||| INVOKING Fiery Armour.
  1255 | D:2      | 1255 ||| Stepping ~*~*~tactically~*~*~ (outnumbered).
  1435 | D:2      | Found a runed translucent door.
  1436 | D:2      | Noticed Crazy Yiuf
  1933 | D:2      | 1933 ||| UPGRADING to +6 ring of dexterity.
  1934 | D:2      | 1934 ||| READING scroll labelled POJOUQ ANATICY.
  1935 | D:2      | 1935 ||| READING 4 scrolls labelled YBLEUSTR NOOGEU.
  1978 | D:2      | 1978 ||| DRINKING 2 bubbling sapphire potions.
  2079 | D:2      | 2079 ||| READING 2 scrolls of identify.
  2079 | D:2      | 2079 ||| IDENTIFYING lumpy brown potion
  2080 | D:2      | 2080 ||| DROPPING potion of berserk rage.
  2081 | D:2      | 2081 ||| DROPPING potion of ambrosia.
  2130 | D:3      | Reached XP level 5. HP: 41/50 MP: 5/5
  2416 | D:3      | 2416 ||| Stepping ~*~*~tactically~*~*~ (stealth).
  2441 | D:3      | 2441 ||| Stepping ~*~*~tactically~*~*~ (stealth).
  2451 | D:3      | 2451 ||| Stepping ~*~*~tactically~*~*~ (stealth).
  2455 | D:3      | 2455 ||| Stepping ~*~*~tactically~*~*~ (stealth).
  2508 | D:3      | Reached skill level 1 in Dodging
  2698 | D:3      | 2698 ||| Stepping ~*~*~tactically~*~*~ (hiding).
  2800 | D:3      | 2800 ||| Stepping ~*~*~tactically~*~*~ (hiding).
  2902 | D:3      | 2902 ||| Stepping ~*~*~tactically~*~*~ (hiding).
  2909 | D:3      | Reached skill level 1 in Throwing
  3013 | D:3      | 3013 ||| INVOKING Fiery Armour.
  3023 | D:3      | Reached skill level 6 in Unarmed Combat
  3115 | D:3      | 3115 ||| READING scroll labelled GOTI QECLOLOMA.
  3116 | D:3      | 3116 ||| DRINKING 2 metallic ruby potions.
  3117 | D:3      | 3117 ||| DRINKING 2 cyan potions.
  3160 | D:4      | 3160 ||| Stepping ~*~*~tactically~*~*~ (stealth).
  3162 | D:4      | 3162 ||| INVOKING Fiery Armour.
  3167 | D:4      | Reached XP level 6. HP: 56/59 MP: 6/6
  3244 | D:4      | Found Tuuhoegu's Serpentskin Sales.
  3536 | D:4      | Found an opulent altar of Gozag.
  3539 | D:4      | Found a white marble altar of Elyvilon.
  3542 | D:4      | Found a snail-covered altar of Cheibriados.
  3595 | D:4      | 3595 ||| READING 2 scrolls of identify.
  3595 | D:4      | 3595 ||| IDENTIFYING ruby potion
  3596 | D:4      | 3596 ||| DROPPING potion of brilliance.
  3613 | D:5      | Entered Level 5 of the Dungeon
  3640 | D:5      | Reached skill level 7 in Unarmed Combat
  3686 | D:5      | 3686 ||| INVOKING Fiery Armour.
  3926 | D:5      | Reached skill level 8 in Unarmed Combat
  3926 | D:5      | Reached XP level 7. HP: 63/66 MP: 7/7
  3970 | D:5      | Reached skill level 3 in Fighting
  3970 | D:5      | Found a radiant altar of Vehumet.
  4197 | D:5      | 4197 ||| Stepping ~*~*~tactically~*~*~ (stealth).
  4198 | D:5      | 4198 ||| Stepping ~*~*~tactically~*~*~ (stealth).
  4199 | D:5      | 4199 ||| Stepping ~*~*~tactically~*~*~ (stealth).
  4200 | D:5      | 4200 ||| Stepping ~*~*~tactically~*~*~ (stealth).
  4274 | D:5      | 4274 ||| UPGRADING to ring of willpower.
  4275 | D:5      | 4275 ||| READING 3 scrolls of identify.
  4275 | D:5      | 4275 ||| IDENTIFYING fizzy orange potion
  4276 | D:5      | 4276 ||| READING 2 scrolls of identify.
  4276 | D:5      | 4276 ||| IDENTIFYING brown potion
  4277 | D:5      | 4277 ||| DROPPING potion of lignification.
  4278 | D:5      | 4278 ||| DROPPING potion of degeneration.
  4320 | D:6      | 4320 ||| STAIRDANCE
  4642 | D:6      | Found a shadowy altar of Dithmenos.
  4863 | D:6      | Reached skill level 9 in Unarmed Combat
  4996 | D:6      | Found a staircase to the Ecumenical Temple.
  5051 | D:6      | 5051 ||| INVOKING Fiery Armour.
  5053 | D:6      | Reached XP level 8. HP: 23/75 MP: 8/8
  5053 | D:6      | 5053 ||| Stepping ~*~*~tactically~*~*~ (outnumbered).
  5121 | D:6      | 5121 ||| READING scroll labelled YSTRIU HANA.
  5122 | D:6      | 5122 ||| READING scroll labelled SUTECU INACHI.
  5123 | D:6      | 5123 ||| READING 2 scrolls of identify.
  5123 | D:6      | 5123 ||| IDENTIFYING fuming coppery potion
  5180 | D:7      | 5180 ||| INVOKING Fiery Armour.
  5197 | D:7      | Reached skill level 10 in Unarmed Combat
  5256 | D:7      | 5256 ||| Stepping ~*~*~tactically~*~*~ (stealth).
  5257 | D:7      | 5257 ||| Stepping ~*~*~tactically~*~*~ (stealth).
  5263 | D:7      | 5263 ||| Stepping ~*~*~tactically~*~*~ (outnumbered).
  5264 | D:7      | 5264 ||| Stepping ~*~*~tactically~*~*~ (outnumbered).
  5265 | D:7      | 5265 ||| Stepping ~*~*~tactically~*~*~ (outnumbered).
  5317 | D:7      | 5317 ||| Stepping ~*~*~tactically~*~*~ (outnumbered).
  5319 | D:7      | 5319 ||| Stepping ~*~*~tactically~*~*~ (outnumbered).
  5323 | D:7      | 5323 ||| Stepping ~*~*~tactically~*~*~ (outnumbered).
  5370 | D:7      | 5370 ||| Stepping ~*~*~tactically~*~*~ (stealth).
  5371 | D:7      | 5371 ||| Stepping ~*~*~tactically~*~*~ (stealth).
  5413 | D:7      | 5413 ||| Stepping ~*~*~tactically~*~*~ (hiding).
  5414 | D:7      | 5414 ||| Stepping ~*~*~tactically~*~*~ (hiding).
  5519 | D:7      | 5519 ||| FLEEEEING.
  5520 | D:7      | 5520 ||| FLEEEEING.
  5521 | D:7      | 5521 ||| Stepping ~*~*~tactically~*~*~ (hiding).
  5531 | D:7      | 5531 ||| Stepping ~*~*~tactically~*~*~ (stealth).
  5542 | D:7      | 5542 ||| Stepping ~*~*~tactically~*~*~ (hiding).
  5543 | D:7      | 5543 ||| Stepping ~*~*~tactically~*~*~ (stealth).
  5544 | D:7      | 5544 ||| Stepping ~*~*~tactically~*~*~ (hiding).
  5550 | D:7      | 5550 ||| Stepping ~*~*~tactically~*~*~ (outnumbered).
  5589 | D:7      | 5589 ||| Stepping ~*~*~tactically~*~*~ (hiding).
  5691 | D:7      | 5691 ||| Stepping ~*~*~tactically~*~*~ (stealth).
  5693 | D:7      | 5693 ||| Stepping ~*~*~tactically~*~*~ (stealth).
  5695 | D:7      | 5695 ||| Stepping ~*~*~tactically~*~*~ (stealth).
  5705 | D:7      | 5705 ||| Stepping ~*~*~tactically~*~*~ (hiding).
  5836 | D:7      | 5836 ||| Stepping ~*~*~tactically~*~*~ (stealth).
  5838 | D:7      | Noticed a manticore
  5840 | D:7      | 5840 ||| Stepping ~*~*~tactically~*~*~ (outnumbered).
  5846 | D:7      | Reached XP level 9. HP: 78/84 MP: 9/9
  5902 | D:7      | 5902 ||| Stepping ~*~*~tactically~*~*~ (stealth).
  5904 | D:7      | 5904 ||| Stepping ~*~*~tactically~*~*~ (stealth).
  5912 | D:7      | Reached skill level 11 in Unarmed Combat
  5979 | D:7      | 5979 ||| DROPPING ring of wizardry.
  5991 | D:7      | 5991 ||| Stepping ~*~*~tactically~*~*~ (stealth).
  5994 | D:7      | 5994 ||| INVOKING Fiery Armour.
  6012 | D:7      | 6012 ||| READING 3 scrolls labelled NIGGEWK WORPHE.
  6015 | D:7      | 6015 ||| READING 2 scrolls of identify.
  6015 | D:7      | 6015 ||| IDENTIFYING fizzy blue potion
  6016 | D:7      | 6016 ||| READING 5 scrolls of teleportation.
  6061 | D:7      | 6061 ||| READING 4 scrolls of teleportation.
  6082 | D:7      | 6082 ||| READING 3 scrolls of teleportation.
  6129 | D:7      | Reached skill level 12 in Unarmed Combat
  6248 | D:8      | 6248 ||| Stepping ~*~*~tactically~*~*~ (stealth).
  6260 | D:8      | 6260 ||| Stepping ~*~*~tactically~*~*~ (stealth).
  6261 | D:8      | 6261 ||| Stepping ~*~*~tactically~*~*~ (stealth).
  6338 | D:8      | 6338 ||| INVOKING Fiery Armour.
  6524 | D:8      | Reached skill level 3 in Throwing
  6852 | D:8      | Found a shimmering blue altar of Sif Muna.
  6925 | D:8      | 6925 ||| READING scroll labelled NOAVVEUXTU.
  6926 | D:8      | 6926 ||| READING 2 scrolls of identify.
  6926 | D:8      | 6926 ||| IDENTIFYING bubbling ruby potion
  6927 | D:8      | 6927 ||| DRINKING potion of experience.
  6927 | D:8      | Reached skill level 15 in Unarmed Combat
  6927 | D:8      | Reached XP level 10. HP: 96/96 MP: 10/10
  7004 | D:9      | Reached skill level 3 in Dodging
  7032 | D:9      | 7032 ||| Stepping ~*~*~tactically~*~*~ (outnumbered).
  7033 | D:9      | 7033 ||| Stepping ~*~*~tactically~*~*~ (outnumbered).
  7034 | D:9      | 7034 ||| Stepping ~*~*~tactically~*~*~ (outnumbered).
  7035 | D:9      | 7035 ||| Stepping ~*~*~tactically~*~*~ (outnumbered).
  7041 | D:9      | 7041 ||| FLEEEEING.
  7089 | D:9      | 7089 ||| Stepping ~*~*~tactically~*~*~ (outnumbered).
  7090 | D:9      | 7090 ||| Stepping ~*~*~tactically~*~*~ (outnumbered).
  7091 | D:9      | 7091 ||| Stepping ~*~*~tactically~*~*~ (outnumbered).
  7242 | D:9      | 7242 ||| Stepping ~*~*~tactically~*~*~ (stealth).
  7250 | D:9      | Reached skill level 6 in Fighting
  7250 | D:9      | Reached XP level 11. HP: 78/104 MP: 11/11
  7380 | D:9      | Found Quoroppe's Antique Weapon Shop.
  7497 | D:9      | 7497 ||| INVOKING Fiery Armour.
  7500 | D:9      | 7500 ||| Stepping ~*~*~tactically~*~*~ (outnumbered).
  7622 | D:9      | 7622 ||| UPGRADING to +1 robe of willpower.
  7632 | D:9      | 7632 ||| DROPPING +0 robe.
  7633 | D:9      | 7633 ||| READING 2 scrolls of identify.
  7633 | D:9      | 7633 ||| IDENTIFYING inky potion
  7634 | D:9      | 7634 ||| DROPPING potion of attraction.
  7645 | D:10     | Entered Level 10 of the Dungeon
  7648 | D:10     | 7648 ||| FLEEEEING.
  7649 | D:10     | 7649 ||| STAIRDANCE
  7678 | D:10     | 7678 ||| STAIRDANCE
  7694 | D:10     | 7694 ||| STAIRDANCE
  7708 | D:10     | 7708 ||| STAIRDANCE
  7732 | D:10     | 7732 ||| INVOKING Fiery Armour.
  7736 | D:10     | 7736 ||| FLEEEEING.
  7737 | D:10     | 7737 ||| FLEEEEING.
  7738 | D:10     | 7738 ||| FLEEEEING.
  7739 | D:10     | 7739 ||| STAIRDANCE
  7788 | D:10     | 7788 ||| STAIRDANCE
  7828 | D:10     | 7828 ||| STAIRDANCE
  7836 | D:10     | 7836 ||| STAIRDANCE
  7859 | D:10     | 7859 ||| STAIRDANCE
  7872 | D:10     | 7872 ||| STAIRDANCE
  7879 | D:10     | 7879 ||| STAIRDANCE
  7900 | D:10     | 7900 ||| STAIRDANCE
  7926 | D:10     | 7926 ||| INVOKING Fiery Armour.
  7930 | D:10     | 7930 ||| FLEEEEING.
  7931 | D:10     | 7931 ||| FLEEEEING.
  7932 | D:10     | 7932 ||| FLEEEEING.
  7933 | D:10     | 7933 ||| STAIRDANCE
  7935 | D:9      | 7935 ||| PLANNING TEMPLE
  8039 | Temple   | Entered the Ecumenical Temple
  8081 | Temple   | 8081 ||| PLANNING CONVERSION TO OKAWARU
  8085 | Temple   | Fell from the grace of Ignis
  8085 | Temple   | Became a worshipper of Warmaster Okawaru
  8086 | Temple   | 8086 ||| PLANNING D:1-11
  8187 | D:10     | 8187 ||| STAIRDANCE
  8202 | D:10     | 8202 ||| FLEEEEING.
  8203 | D:10     | 8203 ||| FLEEEEING.
  8204 | D:10     | 8204 ||| FLEEEEING.
  8205 | D:10     | 8205 ||| STAIRDANCE
  8223 | D:10     | 8223 ||| STAIRDANCE
  8229 | D:9      | HP: 25/105 [killer bee (6)]
  8230 | D:9      | 8230 ||| READING 3 scrolls of teleportation.
  8230 | D:9      | HP: 10/105 [killer bee (3)]
  8231 | D:9      | 8231 ||| DRINKING potion of heal wounds.
  8235 | D:9      | 8235 ||| READING 2 scrolls of teleportation.
  8235 | D:9      | HP: 4/105 [poisoned by a killer bee]
  8235 | D:9      | HP: 1/105 [killer bee (1)]
  8235 | D:9      | Slain by a killer bee

Levels and vault maps discovered:
D:1:      elethiomel_arrival_maze, layout_loops_ring,
          ebering_ecumenical_altar_sacrificial, serial_park_tiny_2
D:2:      layout_basic, minmay_cut_off, uniq_crazy_yiuf_cottage
D:3:      layout_loops_ring, minmay_ruptured
D:4:      layout_rooms, grunt_temple_overflow_diamond, guppyfry_shop_venom
D:5:      layout_loops_ring, kennysheep_mini_moat
D:6:      layout_gridville, general_overflow_altar,
          minmay_temple_entry_enclosed_plants
D:7:      minmay_clustersquares, layout_rooms, kennysheep_generic_room_14
D:8:      layout_basic, lemuel_blue_sif_altar
D:9:      layout_roguey, serial_shops, nicolae_shop_behind_doors, serial_undead,
          serial_undead_c, serial_undead_e, serial_undead_d, serial_undead_a
D:10:     layout_gridville, erik_lair_island, erik_orc_1
Temple:   nicolae_temple_elliptical

Skill      XL: |  1  2  3  4  5  6  7  8  9 10 11 |
---------------+----------------------------------+-----
Unarmed Combat | 4 5 6 8 9 10 15 | 15.5
Dodging        | 1 2 3 |  3.0
Throwing       | 1 2 3 4 |  4.8
Fighting       | 3 4 5 6 |  6.0
Spellcasting   | |  1.0
Fire Magic     | |  2.1

Action                   |  1- 3 |  4- 6 |  7- 9 | 10-12 || total
-------------------------+-------+-------+-------+-------++-------
Melee: Unarmed           |    80 |   122 |   175 |    77 ||   454
       Punch             |     1 |     6 |    11 |     5 ||    23
Throw: Javelin           |       |    21 |    17 |     4 ||    42
       Boomerang         |       |     3 |    10 |     4 ||    17
       Large rock        |       |       |       |     7 ||     7
Invok: Fiery Armour      |     1 |     4 |     4 |     3 ||    12
  Use: Scroll            |     7 |     5 |    12 |     3 ||    27
       Potion            |     1 |     3 |     1 |     1 ||     6
 Stab: Sleeping          |       |       |     1 |       ||     1
Armor: Robe              |    19 |    38 |    34 |    34 ||   125
Dodge: Dodged            |    32 |    47 |    54 |    55 ||   188

Table legend:
 A = Non-vault XP
 B = Vault XP
 C = Vault XP percentage of total XP
 D = Non-vault monster count
 E = Vault monster count
 F = Vault count percentage of total count
                 A         B        C        D         E       F
            +---------+---------+-------+---------+---------+-------
      Total |    5242 |    3057 |  36.8 |     170 |      30 |  15.0
            +---------+---------+-------+---------+---------+-------
        D:1 |      41 |       0 |   0.0 |      24 |       0 |   0.0
        D:2 |     144 |       7 |   4.6 |      19 |       4 |  17.4
        D:3 |     165 |       9 |   5.2 |      22 |       5 |  18.5
        D:4 |     111 |      26 |  19.0 |      11 |       2 |  15.4
        D:5 |     590 |       0 |   0.0 |      12 |       0 |   0.0
        D:6 |     484 |       0 |   0.0 |      12 |       0 |   0.0
        D:7 |    1402 |     989 |  41.4 |      38 |       8 |  17.4
        D:8 |     772 |       0 |   0.0 |      11 |       0 |   0.0
        D:9 |    1305 |    2026 |  60.8 |      17 |      11 |  39.3
       D:10 |     228 |       0 |   0.0 |       4 |       0 |   0.0
            +---------+---------+-------+---------+---------+-------
